 Dungeon Crawl Stone Soup version 0.22-a0-305-gd21a89c (webtiles) character file.

6261 nikopol the Thaumaturge (level 10, -3/52 HPs)
             Began as a Deep Elf Fire Elementalist on Mar 28, 2018.
             Was a Follower of Vehumet.
             Slain by a minotaur (14 damage)
             ... in a labyrinth.
             The game lasted 00:42:13 (12111 turns).

nikopol the Thaumaturge (DEFE)                     Turns: 12111, Time: 00:42:14

Health: -3/52      AC: 11    Str:  5    XL:     10   Next: 62%
Magic:  0/27       EV: 15    Int: 29    God:    Vehumet [*.....]
Gold:   570        SH:  0    Dex: 15    Spells: 17/32 levels left

rFire    + . .     SeeInvis .   h - +3 long sword (holy)
rCold    . . .     Gourm    .   (no shield)
rNeg     . . .     Faith    .   D - +2 robe
rPois    .         Spirit   .   p - +2 helmet
rElec    .         Reflect  .   a - scarf {repulsion}
rCorr    .         Harm     .   l - +1 pair of gloves
MR       +....                  t - +1 pair of boots
Stlth    +++.......             (no amulet)
HPRegen  0.17/turn              b - ring of protection from fire
MPRegen  0.20/turn              (no ring)

@: brilliant, repel missiles
A: no striking features
a: Renounce Religion


You were in a labyrinth.
You worshipped Vehumet.
Vehumet was aware of your devotion.
You were not hungry.

You visited 3 branches of the dungeon, and saw 12 of its levels.
You also visited: Labyrinth.

You collected 570 gold pieces.

Inventory:

Hand Weapons
 h - a +3 long sword of holy wrath (weapon)
Armour
 a - a scarf of repulsion (worn)
 l - a +1 pair of gloves (worn)
 p - a +2 helmet (worn)
 t - a +1 pair of boots (worn)
 D - a +2 robe (worn)
Jewellery
 b - a ring of protection from fire (left hand)
Wands
 u - a wand of enslavement (10)
 C - a wand of paralysis (8)
Scrolls
 i - 4 scrolls of remove curse
 j - 2 scrolls of amnesia
 k - 8 scrolls of teleportation
 o - 2 scrolls of enchant armour
 w - a scroll of holy word {unknown}
Potions
 d - 4 potions of might
 f - 3 potions of curing
 m - 2 potions of haste
 q - 3 potions of heal wounds
 r - 2 potions of brilliance
 s - a potion of flight
 A - a potion of agility
 B - a potion of mutation
Comestibles
 c - 14 rations


   Skills:
 + Level 1.2 Fighting
 + Level 2.9 Long Blades
 + Level 5.0 Dodging
 + Level 5.1 Stealth
 + Level 11.9 Spellcasting
 + Level 9.1 Conjurations
 + Level 9.7 Fire Magic


You had 17 spell levels left.
You knew the following spells:

 Your Spells              Type           Power        Failure   Level  Hunger
a - Flame Tongue          Conj/Fire      #####        1%          1    None
b - Throw Flame           Conj/Fire      ######       1%          2    None
c - Conjure Flame         Conj/Fire      ######..     1%          3    None
d - Sticky Flame          Conj/Fire      ######..     1%          4    None
e - Fireball              Conj/Fire      ######....   1%          5    ##.....


Dungeon Overview and Level Annotations

Branches:
Dungeon (10/15)            Temple (1/1) D:5            Lair (1/6) D:8
    Orc: D:9-12

Altars:
Ashenzari
Cheibriados
Dithmenos
Elyvilon
Fedhas
Gozag
Hepliaklqana
Kikubaaqudgha
Makhleb
Nemelex Xobeh
Okawaru
Qazlal
Ru
Sif Muna
Trog
Uskayaw
Vehumet
Wu Jian
Xom
Yredelemnul
Zin
The Shining One

Shops:
D:4 [


Message History

The minotaur throws a javelin.
The javelin completely misses you.
You see here a javelin.
The minotaur throws a javelin.
The javelin barely misses you.
The minotaur throws a javelin.
The javelin is repelled.
The minotaur throws a javelin.
The javelin is repelled.
You see here a javelin.
The minotaur throws a javelin.
The javelin hits you!
You see here 2 javelins.
Casting: Fireball (safe; 1% risk of failure)
Confirm with . or Enter, or press ? or * to list all spells.
Aiming: Sticky Flame (safe; 1% risk of failure)
Press: ? - help, Shift-Dir - straight line, f/p - minotaur
Aim: a minotaur, wearing a chain mail (severely wounded)
The sticky flame hits the minotaur.
The minotaur is almost dead.
The minotaur is covered in liquid flames!
The minotaur burns!
The minotaur hits you!!
* * * LOW HITPOINT WARNING * * *
The minotaur gores you!
You die...

## # ###+ #.# #
#..#
#..⌠.###.#.# .
..
+⌠..H'('(#.###
#....# #.
.<###H..(.# ##.
#.⌠. . #. .. ..
# + .# .#.##.
#.#
#..##########.#
#..(..((@H....#
#.....#.#...(.#
#.#####.#####.#
... #.. .. ###
#### #.# .. #.#
#


You could see a minotaur (burning).

Vanquished Creatures
  Pikel (D:7)
  A deep elf mage (D:10)
  2 spiny frogs (Lair:1)
  A komodo dragon (D:10)
  A hippogriff (D:9)
  Eustachio (D:5)
  A human (D:9)
  A wyvern (D:10)
  2 hungry ghosts
  A water moccasin (D:10)
  3 porcupines (D:8)
  5 ice beasts
  3 orc warriors
  A sky beast (D:7)
  A slave (D:8)
  A phantom (D:9)
  2 black bears
  An ogre (D:7)
  4 centaurs
  3 bullfrogs (D:6)
  6 killer bees
  4 wights (D:9)
  2 howler monkeys
  A centaur zombie (D:8)
  4 crimson imps
  2 bullfrog zombies
  2 hounds (D:9)
  3 jellies
  An orc priest (D:6)
  4 orc wizards
  A centaur skeleton (D:7)
  An iguana (D:7)
  Terence (D:3)
  Natasha (thrice) (D:3)
  3 worker ants
  A hound zombie (D:7)
  A worker ant zombie (D:6)
  Robin (D:4)
  15 adders
  A shadow imp (D:5)
  An adder skeleton (D:5)
  6 worms
  4 leopard geckos
  27 orcs
  3 giant cockroaches
  18 goblins
  17 hobgoblins
  7 jackals
  6 quokkas
  2 ball pythons
  10 bats
  3 frilled lizards
  17 kobolds
  9 rats
223 creatures vanquished.

Vanquished Creatures (others)
  A slave (D:8)
  A hound (D:8)
  An orc wizard (D:8)
  A fungus (D:8)
4 creatures vanquished.

Grand Total: 227 creatures vanquished

Notes
Turn   | Place    | Note
-------+----------+-------------------------------------------
     0 | D:1      | nikopol the Deep Elf Fire Elementalist began the quest for the Orb.
     0 | D:1      | Reached XP level 1. HP: 10/10 MP: 6/6
   163 | D:1      | Reached XP level 2. HP: 15/15 MP: 4/8
   559 | D:1      | Reached XP level 3. HP: 19/19 MP: 4/9
  1271 | D:2      | Reached skill level 4 in Spellcasting
  1387 | D:2      | Found a shadowy altar of Dithmenos.
  1521 | D:2      | Reached XP level 4. HP: 17/24 MP: 4/12
  2034 | D:3      | Found a shimmering altar of Xom.
  2040 | D:3      | Noticed Terence
  2047 | D:3      | Learned a level 2 spell: Throw Flame
  2053 | D:2      | Learned a level 3 spell: Conjure Flame
  2058 | D:2      | Learned a level 4 spell: Sticky Flame
  2443 | D:3      | Killed Terence
  2443 | D:3      | Reached skill level 5 in Spellcasting
  2443 | D:3      | Reached XP level 5. HP: 28/28 MP: 3/14
  2559 | D:3      | Found a faded altar of an unknown god.
  2695 | D:3      | Noticed Natasha
  2703 | D:3      | Killed Natasha
  2730 | D:3      | Noticed Natasha
  2732 | D:3      | Killed Natasha
  2775 | D:3      | Noticed Natasha
  2780 | D:3      | Killed Natasha
  3006 | D:4      | Reached XP level 6. HP: 32/32 MP: 7/16
  3102 | D:4      | Reached skill level 5 in Fire Magic
  3242 | D:4      | Noticed Robin
  3260 | D:4      | Killed Robin
  3271 | D:4      | Reached skill level 6 in Spellcasting
  3457 | D:4      | Found Taaw's Armour Shoppe.
  4034 | D:5      | Entered Level 5 of the Dungeon
  4060 | D:5      | Reached skill level 1 in Long Blades
  4238 | D:5      | Noticed Eustachio
  4245 | D:5      | Killed Eustachio
  4245 | D:5      | Reached XP level 7. HP: 36/36 MP: 6/19
  4390 | D:5      | Found a bloodstained altar of Trog.
  4582 | D:5      | Found an iron altar of Okawaru.
  4753 | D:5      | Found a staircase to the Ecumenical Temple.
  4762 | Temple   | Entered the Ecumenical Temple
  4946 | D:5      | Found a radiant altar of Vehumet.
  5008 | D:5      | Became a worshipper of Vehumet
  5342 | D:6      | Reached skill level 7 in Spellcasting
  5717 | D:6      | Found a snail-covered altar of Cheibriados.
  5738 | D:6      | Reached XP level 8. HP: 36/41 MP: 13/20
  6078 | D:7      | Found a glowing silver altar of Zin.
  6152 | D:7      | Reached skill level 5 in Conjurations
  6272 | D:7      | Reached skill level 8 in Spellcasting
  6315 | D:7      | Found a white marble altar of Elyvilon.
  6666 | D:7      | Found a sacrificial altar of Ru.
  6777 | D:8      | Reached skill level 1 in Fighting
  7190 | D:8      | Learned a level 5 spell: Fireball
  7197 | D:8      | Reached skill level 9 in Spellcasting
  7197 | D:8      | Reached XP level 9. HP: 47/47 MP: 17/24
  7213 | D:8      | Noticed Pikel
  7219 | D:8      | Paralysed by Pikel for 5 turns
  7237 | D:8      | Paralysed by Pikel for 5 turns
  7272 | D:7      | Killed Pikel
  7272 | D:7      | Reached skill level 5 in Stealth
  7528 | D:8      | Reached * piety under Vehumet
  7528 | D:8      | Offered knowledge of Magic Dart by Vehumet.
  7788 | D:8      | Found an iron altar of Okawaru.
  7956 | D:8      | Reached skill level 10 in Spellcasting
  8193 | D:8      | Found a staircase to the Lair.
  8989 | D:9      | Reached skill level 5 in Dodging
  9013 | D:9      | Reached XP level 10. HP: 50/52 MP: 10/26
  9558 | D:9      | Found a sparkling altar of Nemelex Xobeh.
  9564 | D:9      | Found a shattered altar of Ashenzari.
  9567 | D:9      | Found a hide-covered altar of Uskayaw.
  9973 | D:9      | Reached skill level 11 in Spellcasting
 10143 | D:10     | Entered Level 10 of the Dungeon
 10172 | D:10     | Noticed a skeletal warrior
 10176 | D:10     | Reached ** piety under Vehumet
 10376 | D:10     | Noticed a deep elf mage
 10380 | D:10     | Offered knowledge of Freeze by Vehumet.
 10383 | D:10     | Noticed a two-headed ogre
 10385 | D:10     | Killed a deep elf mage
 10693 | Lair:1   | Entered Level 1 of the Lair of Beasts
 10730 | Lair:1   | Noticed a spiny frog
 10734 | Lair:1   | Killed a spiny frog
 10737 | Lair:1   | Noticed a spiny frog
 10882 | Lair:1   | Killed a spiny frog
 11148 | Lair:1   | Found a labyrinth entrance.
 11157 | Lab      | Entered a labyrinth
 12082 | Lab      | Noticed a minotaur
 12111 | Lab      | Slain by a minotaur

Vault maps used:
D:1:      lightli_arrival_lavapool, minmay_tree_intersection
D:2:      lemuel_doored_altar, serial_aquarium, aquarium_bridge_square,
          aquarium_window_fake, aquarium_window_1, aquarium_window_1,
          aquarium_view_4, aquarium_view_2c, minmay_misc_feat_doors
D:3:      lemuel_crystal_altar, chequers_ecumenical_altar_simple_redux,
          serial_bayou, serial_bayou_crossing, serial_bayou_pond_a,
          serial_bayou_pond_d, serial_bayou_pond_d, serial_bayou_shore_b,
          serial_bayou_pond_a, uniq_natasha, uniq_terence
D:4:      serial_shops, shop_fountains, serial_bayou_pond_a,
          lightli_corner_chamber, uniq_robin
D:5:      bloody_trog, nicolae_overflow_crystal_walls,
          minmay_temple_entry_enclosed_plants, first_ration,
          okawaru_ov_weapons_minmay, uniq_eustachio
D:6:      cheibriados_altar_1
D:7:      elyvilon_altar_1, lemuel_round_altar, old_standard_altar
D:8:      lemuel_crystal_altar, grunt_lair_entry_orc_guard_hut, uniq_pikel
D:9:      nicolae_overflow_hidden_temple, grunt_pizzeria
D:10:     minmay_cut_squares, serial_shops, shop, shop,
          nicolae_shop_behind_doors, nicolae_qazlal_eye_of_the_storm,
          uniq_harold
Temple:   compressed_dpeg_circular_temple
Lair:1:   lab_entry_generic, grunt_megastairs_5, lemuel_fruit_fields
Lab:      labyrinth_hidden_loot, labyrinth_glass_1

Skill      XL: |  1  2  3  4  5  6  7  8  9 10 |
---------------+-------------------------------+-----
Fire Magic     | 4 5 6 7 8 9 |  9.7
Stealth        | 3 4 5 |  5.1
Spellcasting   | 4 5 6 7 9 10 11 | 11.9
Conjurations   | 2 3 4 6 8 9 |  9.1
Dodging        | 3 5 |  5.0
Long Blades    | 1 2 |  2.9
Fighting       | 1 |  1.2

Action                   |  1- 3 |  4- 6 |  7- 9 | 10-12 || total
-------------------------+-------+-------+-------+-------++-------
Melee: Long sword        |       |    10 |     9 |       ||    19
 Cast: Flame Tongue      |    86 |   141 |   164 |    80 ||   471
       Throw Flame       |       |    17 |     4 |    10 ||    31
       Conjure Flame     |       |     1 |     4 |     5 ||    10
       Sticky Flame      |       |     3 |    27 |     6 ||    36
       Fireball          |       |       |     7 |    19 ||    26
  Use: Scroll            |       |       |    11 |     6 ||    17
       Potion            |       |       |       |     1 ||     1
  Eat: Chunk             |     2 |     7 |    15 |     5 ||    29
       Ration            |       |       |     1 |     2 ||     3
Armor: Robe              |     4 |     8 |    24 |     5 ||    41
Dodge: Dodged            |    21 |    46 |    54 |    34 ||   155
       Deflected         |       |       |       |     5 ||     5
       Rpst.: Long sword |       |    13 |    13 |     6 ||    32

Table legend:
 A = Spawn XP
 B = Non-spawn XP
 C = Spawn XP percentage of total XP
 D = Spawn monster count
 E = Non-spawn monster count
 F = Spawn count percentage of total count
 G = Total turns spent on level
                    A         B        C        D         E        F      G
               +---------+---------+-------+---------+---------+-------+---------
         Total |       0 |    8945 |   0.0 |       0 |     222 |   0.0 | 12111
               +---------+---------+-------+---------+---------+-------+---------
           D:1 |       0 |      53 |   0.0 |       0 |      32 |   0.0 |   950
           D:2 |       0 |      67 |   0.0 |       0 |      27 |   0.0 |  1194
           D:3 |       0 |     256 |   0.0 |       0 |      33 |   0.0 |   918
           D:4 |       0 |     239 |   0.0 |       0 |      33 |   0.0 |   972
           D:5 |       0 |     388 |   0.0 |       0 |       9 |   0.0 |  1174
           D:6 |       0 |     502 |   0.0 |       0 |      12 |   0.0 |   744
           D:7 |       0 |    1388 |   0.0 |       0 |      15 |   0.0 |   834
           D:8 |       0 |    1775 |   0.0 |       0 |      24 |   0.0 |  1955
           D:9 |       0 |    1818 |   0.0 |       0 |      28 |   0.0 |  1900
          D:10 |       0 |    1659 |   0.0 |       0 |       7 |   0.0 |    88
        Lair:1 |       0 |     800 |   0.0 |       0 |       2 |   0.0 |   303
               +---------+---------+-------+---------+---------+-------+---------
